 Dungeon Crawl Stone Soup version 0.26.1-11-gd32895ea62 (webtiles) character file.

Game seed: 9271700727522464322

18 Descartes the Ducker (level 2, 0/14 HPs)
             Began as a Felid Chaos Knight on May 28, 2021.
             Was a Plaything of Xom.
             Slain by a hobgoblin (2 damage)
             ... on level 1 of the Dungeon.
             The game lasted 00:01:25 (537 turns).

Descartes the Ducker (Felid Chaos Knight)            Turns: 537, Time: 00:01:26

Health: 0/14       AC:  1    Str:  8    XL:     2   Next: 48%
Magic:  3/3        EV: 19    Int: 13    God:    Xom [..*...]
Gold:   20         SH:  0    Dex: 15    Spells: 1/1 levels left
                                        Lives:  0   Deaths: 0

rFire    . . .     SeeInvis +     - Unarmed
rCold    . . .     Faith    .   (shield unavailable)
rNeg     . . .     Spirit   .   (armour unavailable)
rPois    .         Reflect  .   (helmet unavailable)
rElec    .         Harm     .   (cloak unavailable)
rCorr    .         Rampage  .   (gloves unavailable)
Will     .....                  (boots unavailable)
Stlth    ++........             (no amulet)
HPRegen  0.04/turn              (no ring)
MPRegen  0.08/turn              (no ring)

@: quick
A: very small, no armour, no weapons or thrown items, stealth, claws 1, fangs 3,
see invisible, speed 1, shaggy fur 1, sharp paws
a: Renounce Religion


You were on level 1 of the Dungeon.
You worshipped Xom.
You were a toy of Xom.
You visited 1 branch of the dungeon, and saw 1 of its levels.

You collected 20 gold pieces.

Inventory:

Scrolls
 b - 2 scrolls of identify {unknown}
 c - 2 scrolls of blinking {unknown}
Potions
 a - a potion of flight {unknown}
 d - a potion of mutation {unknown}
 e - a potion of curing {unknown}


   Skills:
 + Level 3.1 Fighting
 * Level 3.6 Dodging
 * Level 1.6 Stealth
 * Level 3.2 Unarmed Combat


You had one spell level left.
You didn't know any spells.
Your spell library was empty.

Dungeon Overview and Level Annotations

Branches:
Dungeon (1/15)

Altars:


Innate Abilities, Weirdness & Mutations

You cannot wear armour.
You are incapable of wielding weapons or throwing items.
Your paws allow you to move quietly. (Stealth)
You have sharp claws.
You have razor-sharp teeth.
You have supernaturally acute eyesight. (SInv)
You cover ground quickly.
You are covered in fur. (AC +1)
Your sharp claws are effective at attacking unaware monsters.


Message History

You kill the goblin!
You scratch the hobgoblin but do no damage.
Your bite misses the hobgoblin. The hobgoblin misses you.
You scratch the hobgoblin but do no damage.
The hobgoblin barely misses you.
You closely miss the hobgoblin.
You bite the hobgoblin, but do no damage.
The hobgoblin barely misses you.
You scratch the hobgoblin.
The hobgoblin is moderately wounded.
The hobgoblin hits you.
You closely miss the hobgoblin.
The hobgoblin is moderately wounded.
The hobgoblin hits you.
* * * LOW HITPOINT WARNING * * *
You closely miss the hobgoblin.
The hobgoblin is moderately wounded.
The hobgoblin hits you.
You die... "What!?
That's it?"

≈♣≈≈≈≈≈≈≈≈≈≈P≈♣≈≈≈g♣≈......##
≈≈P≈P≈≈≈≈≈≈≈≈≈≈♣ ♣P.........
♣PP≈≈≈≈≈≈≈≈≈≈≈ ♣P♣...>...##
♣≈≈gg≈P≈≈≈♣ ♣♣≈)#...####
♣≈♣≈♣≈♣♣ ♣...#...####
#≈♣♣♣≈♣≈♣≈# #.###......#
#.......g# #...#...##.#
########g# ###.#..###.##
#######@#.# #..........
#.......#.# ##.#.......
#######.####..#.# #.#.......
........# #..#.# #.#.......
####....####..#.#####.#.......
#...........................
.>........##.##.#####.#.....[.
#####...##............#.......
#...##.###..#######.......


You could see 2 hobgoblins.

Vanquished Creatures
  A leopard gecko (D:1)
  3 bats (D:1)
  A giant cockroach (D:1)
  6 goblins (D:1)
  2 kobolds (D:1)
  A frilled lizard (D:1)
  A rat (D:1)
15 creatures vanquished.

Vanquished Creatures (others)
  4 plants (D:1)
4 creatures vanquished.

Grand Total: 19 creatures vanquished

Notes
Turn   | Place    | Note
-------+----------+-------------------------------------------
     0 | D:1      | Descartes the Felid Chaos Knight began the quest for the
                  | Orb.
     0 | D:1      | Reached XP level 1. HP: 10/10 MP: 2/2
   333 | D:1      | Reached skill level 1 in Stealth
   343 | D:1      | Reached XP level 2. HP: 13/14 MP: 3/3
   537 | D:1      | Slain by a hobgoblin

Illustrated notes

Levels and vault maps discovered:
D:1:      sevenhm_arrival_forest_fort_small_3, layout_loops_ring,
          serial_bayou_lake_a

Skill      XL: |  1 |
---------------+----+-----
Stealth        | 1 |  1.6
Fighting       | |  3.1
Dodging        | |  3.6
Unarmed Combat | |  3.2

Action                   || total
-------------------------++-------
Melee: Unarmed           ||    47
       Bite              ||     2
       Punch             ||     1
Armor: Skin              ||     1
Dodge: Dodged            ||    36
